 Dungeon Crawl Stone Soup version 0.18-a0-1639-g7533f42 (webtiles) character file.

905 namelastname112 the Martial Artist (level 7, 0/57 HPs)
             Began as a Yellow Draconian Monk on Mar 27, 2016.
             Was a Follower of Ru.
             Slain by a wight
             ... wielding a cursed +3 halberd
              (10 damage)
             ... on level 6 of the Dungeon.
             The game lasted 00:05:58 (5357 turns).

namelastname112 the Martial Artist (DrMo)           Turns: 5357, Time: 00:05:58

Health: 0/57       AC:  7    Str: 14    XL:     7   Next: 80%
Magic:  7/7        EV: 12    Int: 10    God:    Ru [*.....]
Gold:   252        SH:  0    Dex: 15    Spells: 0 memorised, 6 levels left

rFire  . . .     SeeInvis .       - Unarmed
rCold  . . .     Gourm    .     (armour unavailable)
rNeg   . . .     Faith    .     (no shield)
rPois  .         Spirit   .     (helmet restricted)
rElec  .         Dismiss  .     (no cloak)
rCorr  +         Reflect  .     g - +0 pair of gloves
SustAt .         Harm     .     (no boots)
MR     .....                    (no amulet)
Stlth  ++........               (no ring)
                                (no ring)

@: heavily drained, not resistant to hostile enchantments, unstealthy
A: spit acid, acid resistance, unfitting armour, cold-blooded, inexperienced 1,
AC +6
a: Spit Acid, Renounce Religion


You were on level 6 of the Dungeon.
You worshipped Ru.
Ru was aware of your devotion.
You were not hungry.

You visited 1 branch of the dungeon, and saw 6 of its levels.

You collected 252 gold pieces.

Inventory:

Armour
 g - a +0 pair of gloves (worn)
Wands
 p - a wand of paralysis (7/24)
Scrolls
 b - 4 scrolls of fog {unknown}
 c - 12 scrolls of identify {unknown}
 d - a scroll of fear {unknown}
 f - 4 scrolls of remove curse {unknown}
 h - 3 scrolls of teleportation {unknown}
 i - a scroll of random uselessness {unknown}
 q - a scroll of immolation {unknown}
 u - a scroll of magic mapping {unknown}
 v - 2 scrolls of noise {unknown}
Potions
 e - 2 potions of heal wounds
 j - a potion of haste {unknown}
 n - a potion of flight {unknown}
 o - 4 potions of curing {unknown}
 r - a potion of lignification {unknown}
 s - a potion of invisibility {unknown}
 w - a potion of beneficial mutation {unknown}
 x - a potion of mutation {unknown}
Comestibles
 a - 5 bread rations
 k - a slice of pizza
 l - 2 royal jellies
 m - 3 meat rations
 t - a beef jerky


   Skills:
 - Level 3.2(2.0) Fighting
 - Level 2.6(1.4) Dodging
 - Level 1.7(0.6) Stealth
 + Level 10.6(9.1) Unarmed Combat


You had 6 spell levels left.
You didn't know any spells.

Dungeon Overview and Level Annotations

Branches:
Dungeon (6/15)
 Temple: D:4-7

Altars:
Elyvilon
Okawaru
Ru
Xom
The Shining One

Annotations:
D:2 1 exclusion


Innate Abilities, Weirdness & Mutations

You can spit globs of acid.
You are resistant to acid.
Your golden yellow scales are hard (AC +6).
Your body does not fit into most forms of armour.
You are cold-blooded and may be slowed by cold attacks.
You are somewhat inexperienced (-2 XL).


Message History

The wight hits you from afar with an enchanted halberd.
* * * LOW HITPOINT WARNING * * *
You feel drained.
* * * LOW HITPOINT WARNING * * *
The wight hits you but does no damage.
You closely miss the wight.
The wight is severely damaged.
The wight hits you with a flail of freezing.
* * * LOW HITPOINT WARNING * * *
You feel drained. The wight freezes you.
* * * LOW HITPOINT WARNING * * *
You barely miss the wight.
Your tail-slap misses the wight.
The wight is severely damaged.
You hit the wight.
You destroy the wight!
You hit the wight but do no damage. The wight hits you but does no damage.
You punch the wight!
The wight is severely damaged.
The wight hits you from afar with an enchanted halberd!
You die...

#.........#.#.....#
#....z# #<..###.#
#Z# #.#####.# #.#
#.#.....## #z#
#.#.#....# #.#
..#....#.# #.#
###.#..#.#
#.#########....#
#z.Zzzz@.....###
##############


You could see 4 wights and an adder zombie.

Vanquished Creatures
  A hippogriff (D:5)
  A phantom (D:5)
  2 centaurs (D:5)
  3 giant frogs (D:5)
  A gnoll sergeant (D:4)
  A wight (D:6)
  A hound (D:5)
  3 giant frog skeletons
  An orc priest (D:5)
  3 orc wizards
  An iguana (D:4)
  3 worker ants
  7 gnolls
  6 adders
  A shadow imp (D:4)
  An ooze (D:2)
  4 worms
  2 dart slugs
  A giant gecko (D:1)
  13 orcs
  7 bats
  3 giant cockroaches
  12 goblins
  5 hobgoblins
  2 jackals (D:5)
  4 kobolds
  8 quokkas
  2 giant newts
  A quokka skeleton (D:4)
  9 rats
109 creatures vanquished.

Notes
Turn   | Place    | Note
--------------------------------------------------------------
     0 | D:1      | namelastname112 the Draconian Monk began the quest for the Orb.
     0 | D:1      | Reached XP level 1. HP: 19/19 MP: 1/1
   172 | D:1      | Reached XP level 2. HP: 26/26 MP: 2/2
   572 | D:2      | Reached skill level 5 in Unarmed Combat
   597 | D:2      | Reached XP level 3. HP: 29/31 MP: 3/3
   600 | D:2      | Found an iron altar of Okawaru.
   624 | D:2      | xeno23: лол
   680 | D:2      | xeno23: взбугуртил от моттледа
   727 | D:2      | xeno23: и ливнул
   769 | D:2      | namelastname112: нахуй моттлед
   769 | D:2      | namelastname112: в рот ебал
   769 | D:2      | xeno23: скаммер
   769 | D:2      | xeno23: фу фу
   769 | D:2      | namelastname112: убрать этот цвет в пизду
   962 | D:2      | xeno23: ты хотел сказать баффнуть
  1026 | D:2      | namelastname112: если ты закинешь в говно конфет
  1026 | D:2      | namelastname112: оно не перестанет быть говном
  1026 | D:2      | xeno23: дать рф и 100% шанс стикам меткости
  1076 | D:3      | xeno23: стики хорошая щтука
  1096 | D:3      | Reached XP level 4. HP: 33/38 MP: 4/4
  1118 | D:3      | Reached skill level 6 in Unarmed Combat
  1289 | D:3      | namelastname112: они не нужны
  1289 | D:3      | namelastname112: есть красный др
  1289 | D:3      | namelastname112: моттлед нинужен
  1448 | D:3      | Reached XP level 5. HP: 35/45 MP: 5/5
  2403 | D:4      | Reached skill level 7 in Unarmed Combat
  2441 | D:4      | Found a glowing golden altar of the Shining One.
  2503 | D:4      | Found a white marble altar of Elyvilon.
  2610 | D:5      | Entered Level 5 of the Dungeon
  2718 | D:5      | Reached XP level 6. HP: 51/51 MP: 6/6
  3141 | D:5      | Reached skill level 8 in Unarmed Combat
  3526 | D:5      | Found a sacrificial altar of Ru.
  3554 | D:5      | Became a worshipper of Ru the Awakened
  3560 | D:5      | Gained mutation: You are somewhat inexperienced (-2 XL). [Ru sacrifice]
  3560 | D:5      | Reached XP level 5. HP: 45/45 MP: 5/5
  3560 | D:5      | Reached XP level 4. HP: 38/38 MP: 4/4
  3560 | D:5      | Reached * piety under Ru
  3578 | D:5      | Reached XP level 5. HP: 36/45 MP: 5/5
  4306 | D:5      | Noticed a centaur
  4314 | D:5      | Killed a centaur
  4314 | D:5      | Reached skill level 9 in Unarmed Combat
  4314 | D:5      | Reached XP level 6. HP: 22/51 MP: 6/6
  4614 | D:5      | Your scales start taking on a golden yellow colour.
  4614 | D:5      | Reached XP level 7. HP: 33/57 MP: 7/7
  4892 | D:5      | Reached skill level 10 in Unarmed Combat
  4949 | D:5      | Noticed a hippogriff
  4966 | D:5      | Killed a hippogriff
  5287 | D:5      | Found a shimmering altar of Xom.
  5357 | D:6      | Slain by a wight

Vault maps used:
D:1:      lemuel_arrival_hallway
D:2:      kennysheep_okawaru_gauntlet
D:3:      lightli_corner_chamber
D:4:      overflow_temple_1_default, tso_oasis_becter, first_bread
D:5:      led_xom_imps, nicolae_ru_great_annihilating_truth
D:6:      basic_altar, uniq_blork_the_orc

Skill      XL: |  1  2  3  4  5  6  7 |
---------------+----------------------+-----
Unarmed Combat | 5 6 9 8 10 | 10.6
Fighting       | |  3.2
Dodging        | |  2.6
Stealth        | |  1.7

Action                   |  1- 3 |  4- 6 |  7- 9 || total
-------------------------+-------+-------+-------++-------
Melee: Unarmed           |    94 |   267 |    34 ||   395
Invok: Sacrifice Experie |       |     1 |       ||     1
 Abil: Spit Acid         |       |       |     1 ||     1
  Use: Potion            |     1 |     2 |       ||     3
 Stab: Sleeping          |     4 |     3 |       ||     7
       Paralysed         |       |     1 |       ||     1
  Eat: Chunk             |       |    12 |     2 ||    14
